 Dungeon Sprint DCSS version 0.27.1-15-g792fb953b9 (webtiles) character file.

Game seed: 2155782839035022997

482 boopmooplesden the Fighter (level 6, -11/66 HPs)
             Began as a Minotaur Fighter on Nov 18, 2021.
             Was an Initiate of Okawaru.
             Killed from afar by a deep elf pyromancer (23 damage)
             ... with a bolt of fire
             ... in the Dungeon (Sprint III: "The Ten Rune Challenge").
             The game lasted 00:02:21 (545 turns).

boopmooplesden the Fighter (Minotaur Fighter)        Turns: 545, Time: 00:02:23

Health: -11/66     AC:  8    Str: 22 (23) XL:     6   Next: 87%
Magic:  5/5        EV:  9    Int:  5      God:    Okawaru [......]
Gold:   26         SH: 11    Dex: 11      Spells: 5/5 levels left

rFire    . . .     SeeInvis .   a - +0 long sword
rCold    . . .     Faith    .   c - +0 kite shield
rNeg     . . .     Spirit   .   b - +0 scale mail
rPois    .         Reflect  .   (helmet restricted)
rElec    .         Harm     .   (no cloak)
rCorr    .         Rampage  .   (no gloves)
Will     .....     NoTele   +   (no boots)
Stlth    ..........             (no amulet)
HPRegen  0.21/turn              (no ring)
MPRegen  0.09/turn              (no ring)

@: hasted, very quick
A: horns 2, retaliatory headbutt, talons 1, deterioration 1, strong 1
a: Renounce Religion


You were in the Dungeon.
You worshipped Okawaru.
Okawaru was noncommittal.
You visited 1 branch You collected 26 gold pieces.

Inventory:

Hand Weapons
 a - a +0 long sword (weapon)
Armour
 b - a +0 scale mail (worn)
 c - a +0 kite shield (worn)
 d - a +0 scale mail
Scrolls
 j - a scroll of blinking
 m - a scroll of identify
 p - a scroll of holy word {unknown}
Potions
 e - a potion of curing
 f - a potion of heal wounds
 h - 3 potions of magic
 k - a potion of degeneration
 n - 2 potions of flight


   Skills:
 + Level 10.0 Fighting
 + Level 8.5 Long Blades
 + Level 10.0 Armour
 + Level 0.9 Dodging
 + Level 9.0 Shields


You had 5 spell levels left.
You didn't know any spells.
Your spell library was empty.

Dungeon Overview and Level Annotations

Branches:
Dungeon (1/1)

Altars:
Dithmenos
Elyvilon
Okawaru
Ru
Trog
Uskayaw
Wu Jian
Yredelemnul
Zin
The Shining One
Beogh


Innate Abilities, Weirdness & Mutations

You have a pair of horns on your head.
You reflexively headbutt those who attack you in melee.
You have sharp toenails.
Your body sometimes deteriorates upon taking damage.
Your muscles are strong. (Str +2)


Message History

The deep elf pyromancer hits you with a +1 long sword of holy wrath.
You closely miss the deep elf pyromancer.
You claw the deep elf pyromancer.
The deep elf pyromancer is heavily wounded.
The deep elf pyromancer points at you and mumbles some strange words.
The bolt of fire hits you!
You slash the deep elf pyromancer!
Your headbutt misses the deep elf pyromancer.
The deep elf pyromancer is almost dead.
The deep elf pyromancer mumbles some strange words.
The deep elf pyromancer blinks!
The deep elf pyromancer casts a spell at you.
The bolt of fire hits you!
You block the deep elf pyromancer's attack.
You closely miss the deep elf pyromancer.
Your kick misses the deep elf pyromancer.
The deep elf pyromancer is almost dead.
The deep elf pyromancer mumbles some strange words.
The deep elf pyromancer blinks!
The deep elf pyromancer points at you and mumbles some strange words.
The bolt of fire hits you!
* * * LOW HITPOINT WARNING * * *
The deep elf pyromancer mumbles some strange words.
There is an open door to the Ecumenical Temple here.
There are monsters nearby!
You feel yourself speed up. You block the fire elemental's attack.
You closely miss the fire elemental. Your kick misses the fire elemental.
You headbutt the fire elemental.
The fire elemental is lightly damaged.
The fire elemental hits you. The fire elemental burns you!
* * * LOW HITPOINT WARNING * * *
You closely miss the fire elemental.
The fire elemental is lightly damaged.
The deep elf pyromancer casts a spell at you.
The bolt of fire hits the fire elemental.
The fire elemental completely resists.
The bolt of fire misses the fire elemental.
The bolt of fire hits you!!
You die...

▓▓▓▓▓▓▓▓▓▓▓▓ ▓▓▓
<.#..'.....♣♣ ♣.############
..#..#....♣.♣ ♣.#___#___#__#
#'####....♣.♣ ♣♣.#...#__)#._#
.....#....≈♣ ♣♣..###'#'###)##
.....#...≈≈♣♣♣...#..........#
....(#†.≈≈≈≈.♣...EEe....○...#
####'#..≈≈≈≈≈≈..@#○..######+#
...†.#.≈≈≈≈≈≈....#.⌠.#
.....#.≈≈≈≈≈.....#...#
.....#.≈≈≈.......#+###
'#####...........#
.................#
▓▓▓▓▓▓▓▓▓▓▓▓▓▓▓▓▓▓


You could see a deep elf pyromancer and 2 fire elementals.

Vanquished Creatures
  A necrophage (D)
  A water elemental (D)
  A necromancer (D)
  3 humans (D)
  A wolf (D)
  2 endoplasms (D)
  2 rats (D)
11 creatures vanquished.

Notes
Turn   | Place    | Note
-------+----------+-------------------------------------------
     0 | D        | boopmooplesden the Minotaur Fighter began the quest for the
                  | Orb.
     0 | D        | Reached XP level 1. HP: 19/19 MP: 0/0
    49 | D        | Reached skill level 5 in Fighting
    49 | D        | Reached skill level 5 in Armour
    49 | D        | Reached skill level 5 in Shields
    49 | D        | Reached XP level 2. HP: 16/29 MP: 1/1
    60 | D        | Reached XP level 3. HP: 16/36 MP: 2/2
   141 | D        | Gained mutation: You are partially covered in iridescent
                  | scales. (AC +2) [potion of mutation]
   142 | D        | Lost mutation: You are partially covered in iridescent
                  | scales. (AC +2) [potion of mutation]
   142 | D        | Gained mutation: You possess an exceptional clarity of
                  | mind. [potion of mutation]
   142 | D        | Gained mutation: You are weak. (Str -2) [potion of
                  | mutation]
   142 | D        | Gained mutation: You are strong-willed. (Will+) [potion of
                  | mutation]
   142 | D        | Gained mutation: You are robust. (+10% HP) [potion of
                  | mutation]
   143 | D        | Lost mutation: You are weak. (Str -2) [potion of mutation]
   143 | D        | Lost mutation: You are strong-willed. (Will+) [potion of
                  | mutation]
   143 | D        | Gained mutation: You are agile. (Dex +2) [potion of
                  | mutation]
   143 | D        | Lost mutation: You possess an exceptional clarity of mind.
                  | [potion of mutation]
   143 | D        | Gained mutation: You have sharp toenails. [potion of
                  | mutation]
   144 | D        | Lost mutation: You are robust. (+10% HP) [potion of
                  | mutation]
   144 | D        | Gained mutation: Your muscles are strong. (Str +2) [potion
                  | of mutation]
   144 | D        | Lost mutation: You are agile. (Dex +2) [potion of mutation]
   144 | D        | Gained mutation: Your body sometimes deteriorates upon
                  | taking damage. [potion of mutation]
   218 | D        | Noticed a water elemental
   221 | D        | Killed a water elemental
   222 | D        | Reached skill level 5 in Long Blades
   222 | D        | Reached XP level 4. HP: 37/45 MP: 3/3
   228 | D        | Found a hide-covered altar of Uskayaw.
   228 | D        | Found an iron altar of Okawaru.
   228 | D        | Found a bloodstained altar of Trog.
   228 | D        | Found an ornate altar of the Wu Jian Council.
   228 | D        | Noticed a human
   229 | D        | Noticed a human
   234 | D        | Killed a human
   235 | D        | Reached XP level 5. HP: 22/56 MP: 4/4
   238 | D        | Killed a human
   239 | D        | Reached XP level 6. HP: 15/64 MP: 5/5
   263 | D        | Became a worshipper of Warmaster Okawaru
   497 | D        | Found a basalt altar of Yredelemnul.
   497 | D        | Found a shadowy altar of Dithmenos.
   497 | D        | Found a sacrificial altar of Ru.
   507 | D        | Reached skill level 10 in Fighting
   507 | D        | Reached skill level 10 in Armour
   519 | D        | Found a glowing silver altar of Zin.
   519 | D        | Found a glowing golden altar of the Shining One.
   519 | D        | Found a white marble altar of Elyvilon.
   519 | D        | Noticed a deep elf pyromancer
   539 | D        | Noticed a fire elemental
   539 | D        | Noticed a fire elemental
   545 | D        | Killed from afar by a deep elf pyromancer

Illustrated notes

Levels and vault maps discovered:
D:        dungeon_sprint_mu [sprint_mu_entry_forest, sprint_mu_temple_rooms,
          sprint_mu_d1_spiders, sprint_mu_d2_genie, sprint_mu_d3_branching,
          sprint_mu_orc_legion, sprint_mu_elf_gauntlet, sprint_mu_hive_nellie,
          sprint_mu_lair_fedhas, sprint_mu_vaults_butterflies,
          sprint_mu_slime_circle, sprint_mu_shoals_archi,
          sprint_mu_snake_twists, sprint_mu_blade_basic,
          sprint_mu_crypt_chambers, sprint_mu_tomb_spiral,
          sprint_mu_vestibule_basic, sprint_mu_gehenna_hellfire,
          sprint_mu_dis_giant, sprint_mu_tartarus_statrot,
          sprint_mu_cocytus_islands, sprint_mu_zot1]

Skill      XL: |  1  2  3  4  5  6 |
---------------+-------------------+-----
Fighting       | 5 6 8 9 10 | 10.0
Armour         | 5 6 8 9 10 | 10.0
Shields        | 5 6 7 8 9 |  9.0
Long Blades    | 3 5 6 8 |  8.5
Dodging        | |  0.9

Action                   |  1- 3 |  4- 6 || total
-------------------------+-------+-------++-------
Melee: Long sword        |    17 |    24 ||    41
       Kick              |     1 |     9 ||    10
       Headbutt          |     1 |     8 ||     9
  Use: Potion            |     5 |     3 ||     8
       Scroll            |     3 |       ||     3
Armor: Scale mail        |     6 |     4 ||    10
Dodge: Dodged            |     7 |     6 ||    13
Block: Kite shield       |     6 |    14 ||    20
       Rpst.: Long sword |     2 |     3 ||     5
